[ AOE2 MATCH · #506481836 ]
UnrankedMagyars vs Bohemians
Player's team · WIN
Rival team · LOSS
[ REPLAY ANALYSIS · EXTRACTED FROM THE RECORDED GAME ]
Feudal
13:04
Castle
17:49
Imperial
34:45
| APM avg | 23.3 |
| APM peak | 58 |
| eAPM avg | 14.9 |
| Villagers / military | 120 / 164 |
Focus
⚔️ 40.9% · 🌾 59.1%
Magyar Huszar ×90 · Knight ×31 · Spearman ×16 · Trebuchet (Packed) ×10 · Petard ×7 · Battering Ram ×4
Feudal
12:58
Castle
21:08
Imperial
33:04
| APM avg | 39.4 |
| APM peak | 81 |
| eAPM avg | 22.8 |
| Villagers / military | 217 / 154 |
Focus
⚔️ 29.8% · 🌾 70.2%
Spearman ×58 · Hand Cannoneer ×57 · Scout Cavalry ×13 · Hussite Wagon ×9 · Bombard Cannon ×7 · Petard ×4
Match map
Initial resources + every placement click. Lines = walls · curves = elevation contours. ◆ gold · ⬟ stone · ● berries · ✦ relic · ◌ wall gap
Your base· ✓ Closed at 17:49 · 6t walls · no gate
TecorNofi's base· ✓ Closed at 21:08 · 3t walls · 2 gate(s)
Smoothed initial terrain · ◌ = detected wall gap · hover for details
Inputs per minute
— Dr. Moody - - TecorNofi
Build order — Dr. Moody
First 150 of 437 actions detected
| 0:01 | Queue | Villager (Male) |
| 0:01 | Queue | Villager (Male) |
| 0:02 | Build | House |
| 0:04 | Build | House |
| 0:18 | Queue | Villager (Male) |
| 0:18 | Queue | Villager (Male) |
| 0:29 | Research | Loom |
| 0:31 | Queue | Villager (Male) |
| 0:32 | Queue | Villager (Male) |
| 1:41 | Queue | Villager (Male) |
| 2:57 | Queue | Villager (Male) |
| 2:57 | Queue | Villager (Male) |
| 2:58 | Queue | Villager (Male) |
| 3:54 | Build | Lumber Camp |
| 4:06 | Queue | Villager (Male) |
| 4:07 | Queue | Villager (Male) |
| 4:22 | Queue | Villager (Male) |
| 4:23 | Queue | Villager (Male) |
| 4:54 | Queue | Villager (Male) |
| 4:54 | Queue | Villager (Male) |
| 4:55 | Queue | Villager (Male) |
| 5:01 | Build | House |
| 5:14 | Build | House |
| 5:17 | Build | Palisade Wall |
| 5:42 | Queue | Villager (Male) |
| 5:53 | Queue | Villager (Male) |
| 5:54 | Queue | Villager (Male) |
| 6:50 | Build | House |
| 6:55 | Queue | Villager (Male) |
| 6:56 | Queue | Villager (Male) |
| 6:56 | Queue | Villager (Male) |
| 7:27 | Build | Mill |
| 8:10 | Queue | Villager (Male) |
| 8:10 | Queue | Villager (Male) |
| 8:46 | Queue | Villager (Male) |
| 8:46 | Queue | Villager (Male) |
| 8:59 | Build | Mining Camp |
| 9:05 | Queue | Villager (Male) |
| 9:41 | Queue | Villager (Male) |
| 10:06 | Build | Mill |
| 10:29 | Queue | Villager (Male) |
| 10:47 | Research | Feudal Age |
| 11:35 | Build | Farm |
| 12:56 | Queue | Villager (Male) |
| 12:57 | Queue | Villager (Male) |
| 13:04 | Age | Feudal Age |
| 13:06 | Build | Market |
| 13:09 | Build | Blacksmith |
| 13:49 | Queue | Villager (Male) |
| 14:01 | Build | House |
| 14:17 | Queue | Villager (Male) |
| 14:17 | Queue | Villager (Male) |
| 14:31 | Queue | Villager (Male) |
| 14:38 | Build | Farm |
| 14:38 | Build | Farm |
| 14:39 | Build | Farm |
| 14:44 | Build | Farm |
| 14:44 | Build | Farm |
| 14:45 | Build | Farm |
| 15:08 | Research | Castle Age |
| 15:19 | Build | Mining Camp |
| 15:42 | Build | Farm |
| 15:46 | Build | Farm |
| 15:56 | Research | Horse Collar |
| 16:57 | Build | Outpost |
| 17:06 | Queue | Villager (Male) |
| 17:06 | Queue | Villager (Male) |
| 17:38 | Research | Town Watch |
| 17:44 | Research | Double-Bit Axe |
| 17:49 | Age | Castle Age |
| 17:52 | Queue | Villager (Male) |
| 17:52 | Queue | Villager (Male) |
| 18:02 | Research | Heavy Plow |
| 18:20 | Build | Town Center |
| 18:52 | Queue | Villager (Male) |
| 19:11 | Research | Bow Saw |
| 19:25 | Build | House |
| 19:26 | Build | House |
| 19:32 | Queue | Villager (Male) |
| 19:33 | Queue | Villager (Male) |
| 19:40 | Queue | Villager (Male) |
| 19:41 | Queue | Villager (Male) |
| 19:41 | Queue | Villager (Male) |
| 19:54 | Build | Farm |
| 19:55 | Queue | Villager (Male) |
| 20:17 | Build | Farm |
| 20:18 | Queue | Villager (Male) |
| 20:20 | Queue | Villager (Male) |
| 20:20 | Queue | Villager (Male) |
| 20:25 | Build | Farm |
| 20:26 | Build | Farm |
| 20:45 | Build | Farm |
| 20:59 | Queue | Villager (Male) |
| 21:11 | Queue | Villager (Male) |
| 21:35 | Build | Town Center |
| 21:41 | Research | Wheelbarrow |
| 21:43 | Queue | Villager (Male) |
| 21:43 | Queue | Villager (Male) |
| 21:58 | Queue | Villager (Male) |
| 21:59 | Queue | Villager (Male) |
| 22:07 | Build | Farm |
| 22:18 | Queue | Villager (Male) |
| 22:20 | Queue | Villager (Male) |
| 22:42 | Build | Town Center |
| 22:46 | Queue | Villager (Male) |
| 22:48 | Queue | Villager (Male) |
| 22:48 | Queue | Villager (Male) |
| 23:01 | Queue | Villager (Male) |
| 23:26 | Build | Barracks |
| 23:28 | Queue | Villager (Male) |
| 23:31 | Queue | Villager (Male) |
| 24:04 | Queue | Villager (Male) |
| 24:07 | Queue | Villager (Male) |
| 24:07 | Queue | Villager (Male) |
| 24:12 | Build | Farm |
| 24:13 | Build | Farm |
| 24:14 | Build | Farm |
| 24:32 | Build | Siege Workshop |
| 24:35 | Research | Pikeman (upgrade) |
| 24:36 | Research | Arson |
| 24:50 | Build | Castle |
| 24:56 | Build | House |
| 24:58 | Build | House |
| 24:59 | Build | House |
| 25:16 | Research | Hand Cart |
| 25:21 | Queue | Villager (Male) |
| 25:24 | Build | Farm |
| 25:24 | Build | Farm |
| 25:26 | Queue | Villager (Male) |
| 25:47 | Build | House |
| 25:48 | Build | House |
| 25:51 | Build | House |
| 25:56 | Queue | Spearman |
| 25:56 | Queue | Spearman |
| 25:58 | Queue | Villager (Male) |
| 25:59 | Queue | Villager (Male) |
| 26:04 | Build | Farm |
| 26:12 | Queue | Petard |
| 26:12 | Queue | Petard |
| 26:26 | Queue | Battering Ram |
| 26:28 | Queue | Villager (Male) |
| 26:38 | Queue | Villager (Male) |
| 26:38 | Queue | Villager (Male) |
| 26:47 | Build | Farm |
| 26:48 | Build | Farm |
| 26:53 | Queue | Villager (Male) |
| 26:54 | Queue | Villager (Male) |
| 27:15 | Research | Gold Mining |
| 27:16 | Research | Stone Mining |
| 27:28 | Build | Farm |
Build order — TecorNofi
First 150 of 590 actions detected
| 0:05 | Build | House |
| 0:07 | Build | House |
| 0:20 | Queue | Villager (Male) |
| 0:20 | Queue | Villager (Male) |
| 0:24 | Research | Loom |
| 1:15 | Build | Palisade Gate |
| 1:24 | Queue | Villager (Male) |
| 1:24 | Queue | Villager (Male) |
| 1:25 | Queue | Villager (Male) |
| 1:25 | Queue | Villager (Male) |
| 1:25 | Queue | Villager (Male) |
| 1:55 | Build | Palisade Wall |
| 3:38 | Queue | Villager (Male) |
| 3:38 | Queue | Villager (Male) |
| 3:39 | Queue | Villager (Male) |
| 4:10 | Queue | Villager (Male) |
| 4:10 | Queue | Villager (Male) |
| 4:41 | Queue | Villager (Male) |
| 4:41 | Queue | Villager (Male) |
| 4:41 | Queue | Villager (Male) |
| 5:10 | Queue | Villager (Male) |
| 5:11 | Queue | Villager (Male) |
| 5:11 | Queue | Villager (Male) |
| 5:12 | Queue | Villager (Male) |
| 5:49 | Build | Lumber Camp |
| 5:58 | Queue | Villager (Male) |
| 6:33 | Queue | Villager (Male) |
| 6:33 | Queue | Villager (Male) |
| 6:33 | Queue | Villager (Male) |
| 7:02 | Queue | Villager (Male) |
| 7:07 | Build | House |
| 7:36 | Queue | Villager (Male) |
| 7:36 | Queue | Villager (Male) |
| 7:36 | Queue | Villager (Male) |
| 8:17 | Queue | Villager (Male) |
| 8:17 | Queue | Villager (Male) |
| 8:18 | Queue | Villager (Male) |
| 8:39 | Build | Mill |
| 8:47 | Queue | Villager (Male) |
| 8:48 | Queue | Villager (Male) |
| 8:48 | Queue | Villager (Male) |
| 9:14 | Queue | Villager (Male) |
| 9:43 | Queue | Villager (Male) |
| 9:43 | Queue | Villager (Male) |
| 9:44 | Queue | Villager (Male) |
| 9:56 | Build | House |
| 10:48 | Research | Feudal Age |
| 10:48 | Research | Feudal Age |
| 11:08 | Build | Mining Camp |
| 12:41 | Queue | Villager (Male) |
| 12:58 | Age | Feudal Age |
| 13:02 | Queue | Villager (Male) |
| 13:06 | Research | Double-Bit Axe |
| 13:11 | Research | Horse Collar |
| 13:31 | Queue | Villager (Male) |
| 13:42 | Build | Blacksmith |
| 14:04 | Build | Farm |
| 14:04 | Build | Farm |
| 14:04 | Build | Farm |
| 14:05 | Build | Farm |
| 14:05 | Build | Farm |
| 14:05 | Build | Farm |
| 14:11 | Build | House |
| 14:14 | Queue | Villager (Male) |
| 14:34 | Build | Market |
| 14:36 | Build | House |
| 14:42 | Queue | Villager (Male) |
| 14:52 | Build | Mining Camp |
| 15:20 | Queue | Villager (Male) |
| 15:45 | Queue | Villager (Male) |
| 15:50 | Build | Farm |
| 16:16 | Queue | Villager (Male) |
| 16:20 | Build | Farm |
| 16:37 | Queue | Villager (Male) |
| 16:53 | Build | Farm |
| 17:02 | Queue | Villager (Male) |
| 17:27 | Queue | Villager (Male) |
| 17:55 | Queue | Villager (Male) |
| 18:17 | Build | Gate |
| 18:21 | Build | Stone Wall |
| 18:22 | Build | Stone Wall |
| 18:28 | Research | Castle Age |
| 18:56 | Queue | Villager (Male) |
| 19:26 | Queue | Villager (Male) |
| 20:17 | Queue | Villager (Male) |
| 20:26 | Build | House |
| 20:30 | Build | House |
| 20:54 | Build | Outpost |
| 20:58 | Build | Outpost |
| 21:08 | Age | Castle Age |
| 21:13 | Build | Town Center |
| 21:24 | Build | Town Center |
| 21:28 | Research | Bow Saw |
| 21:29 | Queue | Villager (Male) |
| 21:32 | Research | Heavy Plow |
| 21:47 | Build | Farm |
| 21:51 | Build | Farm |
| 22:02 | Queue | Villager (Male) |
| 22:05 | Build | Farm |
| 22:09 | Research | Wheelbarrow |
| 22:10 | Research | Town Watch |
| 22:29 | Queue | Villager (Male) |
| 22:33 | Build | House |
| 22:34 | Build | House |
| 22:39 | Queue | Villager (Male) |
| 22:39 | Queue | Villager (Male) |
| 22:39 | Queue | Villager (Male) |
| 22:40 | Queue | Villager (Male) |
| 22:55 | Build | Farm |
| 22:57 | Queue | Villager (Male) |
| 22:57 | Queue | Villager (Male) |
| 23:26 | Queue | Villager (Male) |
| 23:27 | Queue | Villager (Male) |
| 23:27 | Queue | Villager (Male) |
| 23:27 | Queue | Villager (Male) |
| 23:39 | Build | Castle |
| 23:42 | Queue | Villager (Male) |
| 23:42 | Queue | Villager (Male) |
| 23:54 | Queue | Villager (Male) |
| 24:11 | Build | Monastery |
| 24:14 | Build | House |
| 24:16 | Queue | Villager (Male) |
| 24:17 | Queue | Villager (Male) |
| 24:29 | Queue | Villager (Male) |
| 24:30 | Queue | Villager (Male) |
| 25:09 | Queue | Villager (Male) |
| 25:09 | Queue | Villager (Male) |
| 25:31 | Build | Town Center |
| 25:33 | Queue | Villager (Male) |
| 25:35 | Queue | Hussite Wagon |
| 25:35 | Queue | Hussite Wagon |
| 25:35 | Queue | Hussite Wagon |
| 25:48 | Queue | Monk |
| 25:53 | Queue | Villager (Male) |
| 25:53 | Queue | Villager (Male) |
| 25:53 | Queue | Villager (Male) |
| 25:53 | Queue | Villager (Male) |
| 25:54 | Queue | Villager (Male) |
| 25:54 | Queue | Villager (Male) |
| 25:54 | Queue | Villager (Male) |
| 26:02 | Build | House |
| 26:05 | Build | House |
| 26:06 | Build | House |
| 26:13 | Queue | Hussite Wagon |
| 26:13 | Queue | Hussite Wagon |
| 26:16 | Queue | Villager (Male) |
| 26:16 | Queue | Villager (Male) |
| 26:17 | Queue | Villager (Male) |
| 26:23 | Build | Farm |
| 26:23 | Build | Farm |
Match timeline
| 1:55 | TecorNofi · wall_segment Palisade Wall x1 |
| 5:17 | Dr. Moody · wall_segment Palisade Wall x6 |
| 12:58 | TecorNofi · age_up feudal |
| 13:04 | Dr. Moody · age_up feudal |
| 15:37 | TecorNofi · first_market_buy 100 food |
| 15:40 | TecorNofi · first_market_sell 100 stone |
| 17:49 | Dr. Moody · age_up castle |
| 18:09 | Dr. Moody · first_market_sell 100 stone |
| 18:13 | Dr. Moody · first_market_buy 100 wood |
| 18:21 | TecorNofi · wall_segment Stone Wall x1 |
| 18:22 | TecorNofi · wall_segment Stone Wall x1 |
| 21:08 | TecorNofi · age_up castle |
| 23:26 | Dr. Moody · first_building Barracks |
| 23:39 | TecorNofi · first_building Castle |
| 24:11 | TecorNofi · first_building Monastery |
| 24:32 | Dr. Moody · first_building Siege Workshop |
| 24:50 | Dr. Moody · first_building Castle |
| 28:05 | Dr. Moody · first_building Stable |
| 31:49 | TecorNofi · first_building Siege Workshop |
| 32:05 | TecorNofi · first_building Barracks |
| 33:04 | TecorNofi · age_up imperial |
| 33:29 | TecorNofi · first_building Archery Range |
| 34:13 | TecorNofi · wall_segment Stone Wall x10 |
| 34:45 | Dr. Moody · age_up imperial |
| 37:59 | TecorNofi · first_building Stable |
| 39:12 | TecorNofi · wall_segment Stone Wall x4 |
| 45:00 | TecorNofi · wall_segment Stone Wall x4 |
| 47:29 | Dr. Moody · first_building Monastery |
| 50:44 | TecorNofi · resign |
[ AI ANALYSIS · 1 CREDIT ]
What really happened in this match?
Wolo.gg analyzes every decision: build order, eco, micro, common mistakes by bracket. Personalized analysis on WhatsApp or Discord in 30 seconds.
Civ guide
Magyars
Perfil
Dr. Moody